PL
LOUISVILLE BC @ BUCKHEAD BOWTIES
04/15/2021
 
TOP OF THE 1ST
Champaign Corkscrews batting - Pitching for Buckhead Bowties : RHP Yoriyoshi Yamamoto
Pitching: RHP Yoriyoshi Yamamoto
Batting: RHB Andrés Rodríguez 0-0: Ball
1-0: Foul Ball, location: 2F
1-1: Called Strike
1-2: Ball
2-2: Fly out, F2 (Popup, 2RF)
Batting: RHB Paul Houston 0-0: Foul Ball, location: 2F
0-1: Foul Ball, location: 2F
0-2: Strikes out swinging
Batting: RHB Robbie Roach 0-0: Foul Ball, location: 2F
0-1: Foul Ball, location: 2F
0-2: Fly out, F8 (Flyball, 89D)
Top of the 1st over - 0 run(s), 0 hit(s), 0 error(s), 0 left on base; Champaign 0 - Buckhead 0
BOTTOM OF THE 1ST
Buckhead Bowties batting - Pitching for Champaign Corkscrews : LHP Alec Pittman
Pitching: LHP Alec Pittman
Batting: RHB Domingo García 0-0: Foul Ball, location: 2F
0-1: SINGLE (Line Drive, 89M)
Batting: RHB John Downing 0-0: Called Strike
0-1: Ball
1-1: Foul Ball, location: 2F
1-2: Fielders Choice at 2nd, 1-6 (Groundball, 15S)
Batting: LHB Neil Lawson 0-0: Called Strike
0-1: Ball
1-1: Ball
2-1: Fielders Choice at 2nd, 4-6 (Groundball, 34)
Batting: RHB Gabriel Rodríguez 0-0: Called Strike
0-1: Fielders Choice at 2nd, 5-4 (Groundball, 56)
Bottom of the 1st over - 0 run(s), 1 hit(s), 0 error(s), 0 left on base; Champaign 0 - Buckhead 0
TOP OF THE 2ND
Champaign Corkscrews batting - Pitching for Buckhead Bowties : RHP Yoriyoshi Yamamoto
Batting: RHB Jake Collins 0-0: Foul Ball, location: 2F
0-1: Foul Ball, location: 2F
0-2: Ball
1-2: Foul Ball, location: 2F
1-2: Ball
2-2: Foul Ball, location: 2F
2-2: Reached on error, E1 (Groundball, 15)
Batting: LHB Tim Hargrove 0-0: Called Strike
0-1: Called Strike
0-2: Ball
1-2: SINGLE (Flyball, 78S)
Jake Collins to third
Batting: RHB Yoshio Matsuo 0-0: Ball
1-0: Ball
2-0: Foul Ball, location: 2F
2-1: Ball
3-1: SINGLE (Flyball, 8LS)
Jake Collins scores
Tim Hargrove to second
Batting: RHB Chi-ju Zhang 0-0: Swinging Strike
0-1: Ball
1-1: Ball
Reached via error on a dropped throw, E3
Tim Hargrove to third
Yoshio Matsuo to second
Batting: RHB Keith Best 0-0: Foul Ball, location: 2F
0-1: Foul Ball, location: 2F
0-2: Ball
1-2: Fly out, F6 (Popup, 6)
Batting: LHB Gregory Johnson 0-0: Foul Ball, location: 2F
0-1: Ball
1-1: Foul Ball, location: 2F
1-2: Ball
2-2: Strikes out looking
Batting: RHB Andrés Rodríguez 0-0: Fly out, F7 (Popup, 56D)
Top of the 2nd over - 1 run(s), 2 hit(s), 2 error(s), 3 left on base; Champaign 1 - Buckhead 0
BOTTOM OF THE 2ND
Buckhead Bowties batting - Pitching for Champaign Corkscrews : LHP Alec Pittman
Batting: LHB Min-heui Im 0-0: Fly out, F8 (Flyball, 8RXD)
Batting: RHB Chandler Bailey 0-0: Ball
1-0: Swinging Strike
1-1: Ground out U3 (Groundball, 3L)
Batting: RHB Pedro Morales 0-0: Ball
1-0: Foul Ball, location: 2F
1-1: Swinging Strike
1-2: Ball
2-2: Ground out 6-3 (Groundball, 6)
Bottom of the 2nd over - 0 run(s), 0 hit(s), 0 error(s), 0 left on base; Champaign 1 - Buckhead 0
TOP OF THE 3RD
Champaign Corkscrews batting - Pitching for Buckhead Bowties : RHP Yoriyoshi Yamamoto
Batting: RHB Paul Houston 0-0: Called Strike
0-1: Bunt for hit - play at first, batter safe!
Batting: RHB Robbie Roach 0-0: Ball
1-0: Foul Ball, location: 2F
1-1: Fly out, F9 (Line Drive, 9M)
Batting: RHB Jake Collins 0-0: Swinging Strike
0-1: Ball
1-1: Ball
2-1: Called Strike
2-2: Strikes out swinging
Batting: LHB Tim Hargrove Balk!
Paul Houston to second
0-0: Foul Ball, location: 2F
0-1: Swinging Strike
0-2: Ball
1-2: Ground out 6-3 (Groundball, 6)
Top of the 3rd over - 0 run(s), 1 hit(s), 0 error(s), 1 left on base; Champaign 1 - Buckhead 0
BOTTOM OF THE 3RD
Buckhead Bowties batting - Pitching for Champaign Corkscrews : LHP Alec Pittman
Batting: RHB Dave King 0-0: Ball
1-0: Ball
2-0: Foul Ball, location: 2F
2-1: Ball
3-1: Foul Ball, location: 2F
3-2: Ground out 5-3 (Groundball, 5S)
Batting: LHB Tony Martínez 0-0: Called Strike
0-1: Ball
1-1: Ball
2-1: Swinging Strike
2-2: Ball
3-2: Strikes out looking
Batting: RHB Domingo García 0-0: Ball
1-0: Fly out, F6 (Popup, 6MD)
Bottom of the 3rd over - 0 run(s), 0 hit(s), 0 error(s), 0 left on base; Champaign 1 - Buckhead 0
TOP OF THE 4TH
Champaign Corkscrews batting - Pitching for Buckhead Bowties : RHP Yoriyoshi Yamamoto
Batting: RHB Yoshio Matsuo 0-0: Ground out 5-3 (Groundball, 56)
Batting: RHB Chi-ju Zhang 0-0: Ball
1-0: Foul Ball, location: 2F
1-1: Ball
2-1: Fly out, F8 (Flyball, 8LS)
Batting: RHB Keith Best 0-0: Called Strike
0-1: Called Strike
0-2: Ball
1-2: Ball
2-2: SINGLE (Line Drive, 56D)
Batting: LHB Gregory Johnson 0-0: Called Strike
Keith Best steals 2nd base
0-1: SINGLE (Groundball, 25) (infield hit)
Keith Best to third
Batting: RHB Andrés Rodríguez 0-0: Foul Ball, location: 2F
0-1: Ball
1-1: Ground out 1-3 (Groundball, 15)
Top of the 4th over - 0 run(s), 2 hit(s), 0 error(s), 2 left on base; Champaign 1 - Buckhead 0
BOTTOM OF THE 4TH
Buckhead Bowties batting - Pitching for Champaign Corkscrews : LHP Alec Pittman
Batting: RHB John Downing 0-0: Swinging Strike
0-1: Called Strike
0-2: Strikes out looking
Batting: LHB Neil Lawson 0-0: Ball
1-0: Ball
2-0: Called Strike
2-1: Ball
3-1: Base on Balls
Batting: RHB Gabriel Rodríguez 0-0: Swinging Strike
0-1: Swinging Strike
0-2: Ball
1-2: Ball
2-2: Foul Ball, location: 2F
2-2: Strikes out swinging
Batting: LHB Min-heui Im 0-0: Ball
1-0: Called Strike
1-1: Ball
2-1: Ball
3-1: Swinging Strike
3-2: Foul Ball, location: 2F
3-2: Strikes out looking
Bottom of the 4th over - 0 run(s), 0 hit(s), 0 error(s), 1 left on base; Champaign 1 - Buckhead 0
TOP OF THE 5TH
Champaign Corkscrews batting - Pitching for Buckhead Bowties : RHP Yoriyoshi Yamamoto
Pitching: RHP Anastasio Enríquez
Batting: RHB Paul Houston 0-0: Swinging Strike
0-1: Ball
1-1: Ball
2-1: Ground out 6-3 (Groundball, 6M)
Batting: RHB Robbie Roach 0-0: Ball
1-0: Swinging Strike
1-1: Foul Ball, location: 2F
1-2: Foul Ball, location: 2F
1-2: Ball
2-2: Ball
3-2: Fly out, F3 (Popup, 3SF)
Batting: RHB Jake Collins 0-0: Fly out, F6 (Popup, 6D)
Top of the 5th over - 0 run(s), 0 hit(s), 0 error(s), 0 left on base; Champaign 1 - Buckhead 0
BOTTOM OF THE 5TH
Buckhead Bowties batting - Pitching for Champaign Corkscrews : LHP Alec Pittman
Pitching: RHP António Rodríguez
Batting: RHB Chandler Bailey 0-0: Called Strike
0-1: Foul Ball, location: 2F
0-2: Foul Ball, location: 2F
0-2: SINGLE (Groundball, 4)
Batting: RHB Pedro Morales 0-0: Ball
1-0: Swinging Strike
1-1: Bunted foul
1-2: Foul Ball, location: 2F
1-2: Strikes out swinging
Batting: RHB Dave King 0-0: Ball
1-0: Foul Ball, location: 2F
1-1: Ball
2-1: SINGLE (Groundball, 6MD) (infield hit)
Chandler Bailey to second
Batting: LHB Tony Martínez 0-0: Ball
1-0: Swinging Strike
1-1: Ball
2-1: Grounds into double play, 4-6-3 (Groundball, 4)
Bottom of the 5th over - 0 run(s), 2 hit(s), 0 error(s), 1 left on base; Champaign 1 - Buckhead 0
TOP OF THE 6TH
Champaign Corkscrews batting - Pitching for Buckhead Bowties : RHP Anastasio Enríquez
Batting: LHB Tim Hargrove 0-0: Foul Ball, location: 2F
0-1: Ball
1-1: Ball
2-1: Ball
3-1: Base on Balls
Batting: RHB Yoshio Matsuo 0-0: Ball
Tim Hargrove is caught stealing 2nd base
1-0: Ball
2-0: Swinging Strike
2-1: Swinging Strike
2-2: Fly out, F9 (Flyball, 9S)
Batting: RHB Chi-ju Zhang 0-0: Ball
1-0: Called Strike
1-1: Ball
2-1: Foul Ball, location: 2F
2-2: Ball
3-2: Base on Balls
Batting: RHB Keith Best 0-0: Ball
Chi-ju Zhang is caught stealing 2nd base
Top of the 6th over - 0 run(s), 0 hit(s), 0 error(s), 0 left on base; Champaign 1 - Buckhead 0
BOTTOM OF THE 6TH
Buckhead Bowties batting - Pitching for Champaign Corkscrews : RHP António Rodríguez
Batting: RHB Domingo García 0-0: Ball
1-0: Ball
2-0: Foul Ball, location: 2F
2-1: Fly out, F6 (Popup, 6D)
Batting: RHB John Downing 0-0: Ball
1-0: Ball
2-0: Ball
3-0: Base on Balls
Batting: LHB Neil Lawson 0-0: Called Strike
0-1: Ball
1-1: Swinging Strike
1-2: Ball
2-2: Strikes out swinging
Batting: RHB Gabriel Rodríguez 0-0: Ball
1-0: Foul Ball, location: 2F
1-1: Ball
2-1: Foul Ball, location: 2F
2-2: Ball
3-2: Foul Ball, location: 2F
3-2: Foul Ball, location: 2F
3-2: Foul Ball, location: 2F
3-2: Strikes out swinging
Bottom of the 6th over - 0 run(s), 0 hit(s), 0 error(s), 1 left on base; Champaign 1 - Buckhead 0
TOP OF THE 7TH
Champaign Corkscrews batting - Pitching for Buckhead Bowties : RHP Anastasio Enríquez
Batting: RHB Keith Best 0-0: Fly out, F7 (Flyball, 78M)
Batting: LHB Gregory Johnson 0-0: Ball
1-0: Foul Ball, location: 2F
1-1: Ball
2-1: Foul Ball, location: 2F
2-2: Ground out 4-3 (Groundball, 4)
Batting: RHB Cliff May 0-0: Called Strike
0-1: Swinging Strike
0-2: SINGLE (Line Drive, 89S)
Pinch Hitting: RHB Luis Mendoza 0-0: Called Strike
Cliff May steals 2nd base
0-1: Ball
1-1: Foul Ball, location: 2F
1-2: Ball
2-2: Fly out, F8 (Flyball, 8LD)
Top of the 7th over - 0 run(s), 1 hit(s), 0 error(s), 1 left on base; Champaign 1 - Buckhead 0
BOTTOM OF THE 7TH
Buckhead Bowties batting - Pitching for Champaign Corkscrews : RHP António Rodríguez
Now at SS: António Meléndez
Batting: LHB Min-heui Im 0-0: Ball
1-0: Called Strike
1-1: TRIPLE (Line Drive, 89M)
Batting: RHB Chandler Bailey 0-0: Foul Ball, location: 2F
0-1: Fly out, F6 (Line Drive, 6)
Batting: RHB Pedro Morales 0-0: Ball
1-0: Ball
2-0: Called Strike
2-1: Swinging Strike
2-2: Strikes out swinging
Batting: RHB Dave King 0-0: Called Strike
0-1: Ball
1-1: Ball
2-1: Ball
3-1: Foul Ball, location: 2F
3-2: Ground out 6-3 (Groundball, 6)
Bottom of the 7th over - 0 run(s), 1 hit(s), 0 error(s), 1 left on base; Champaign 1 - Buckhead 0
TOP OF THE 8TH
Champaign Corkscrews batting - Pitching for Buckhead Bowties : RHP Anastasio Enríquez
Batting: RHB Robbie Roach 0-0: Ball
1-0: Ball
2-0: Fly out, F8 (Line Drive, 8LXD)
Batting: RHB Jake Collins 0-0: Called Strike
0-1: Called Strike
0-2: Ball
1-2: Strikes out looking
Batting: LHB Tim Hargrove 0-0: Ball
1-0: Swinging Strike
1-1: Swinging Strike
1-2: Foul Ball, location: 2F
1-2: Fly out, F6 (Popup, 6)
Top of the 8th over - 0 run(s), 0 hit(s), 0 error(s), 0 left on base; Champaign 1 - Buckhead 0
BOTTOM OF THE 8TH
Buckhead Bowties batting - Pitching for Champaign Corkscrews : RHP António Rodríguez
Pitching: LHP Pat Farrell
Now at C: Roberto Guerrero
Batting: LHB Tony Martínez 0-0: Swinging Strike
0-1: Foul Ball, location: 2F
0-2: Strikes out looking
Pinch Hitting: RHB Enrique Marroquín 0-0: Foul Ball, location: 2F
0-1: Called Strike
0-2: Strikes out swinging
Pinch Hitting: LHB Sinclair van Kooten 0-0: Swinging Strike
0-1: Foul Ball, location: 2F
0-2: Foul Ball, location: 2F
0-2: Strikes out swinging
Bottom of the 8th over - 0 run(s), 0 hit(s), 0 error(s), 0 left on base; Champaign 1 - Buckhead 0
TOP OF THE 9TH
Champaign Corkscrews batting - Pitching for Buckhead Bowties : RHP Anastasio Enríquez
Pitching: RHP Mario Peña
Now at 2B: Enrique Marroquín
Now in RF: Sinclair van Kooten
Batting: RHB Yoshio Matsuo 0-0: Called Strike
0-1: Ball
1-1: DOUBLE (Groundball, 5L)
Batting: RHB Chi-ju Zhang 0-0: Ball
1-0: Called Strike
1-1: Called Strike
1-2: Ball
2-2: Strikes out swinging
Batting: RHB Keith Best 0-0: Ball
1-0: Ball
2-0: Ball
3-0: Called Strike
3-1: Foul Ball, location: 2F
3-2: Foul Ball, location: 2F
3-2: Ground out 2-3 (Groundball, 25)
Yoshio Matsuo to third
Batting: LHB Gregory Johnson 0-0: Ball
1-0: Foul Ball, location: 2F
1-1: Swinging Strike
1-2: Strikes out looking
Top of the 9th over - 0 run(s), 1 hit(s), 0 error(s), 1 left on base; Champaign 1 - Buckhead 0
BOTTOM OF THE 9TH
Buckhead Bowties batting - Pitching for Champaign Corkscrews : LHP Pat Farrell
Pitching: RHP Enrique López
Pinch Hitting: LHB Kenneth Chapman 0-0: SINGLE (Groundball, 3L)
Pinch Hitting: RHB Shaun Bowles 0-0: Called Strike
0-1: Ball
1-1: Swinging Strike
1-2: Foul Ball, location: 2F
1-2: Ball
2-2: Strikes out looking
Batting: LHB Min-heui Im 0-0: Called Strike
0-1: Ball
1-1: Ball
2-1: Ball
3-1: Called Strike
3-2: Base on Balls
Kenneth Chapman to second
Batting: RHB Chandler Bailey 0-0: Ball
1-0: Ball
2-0: Ball
3-0: Called Strike
3-1: Grounds into double play, 6-4-3 (Groundball, 6)
Bottom of the 9th over - 0 run(s), 1 hit(s), 0 error(s), 1 left on base; Champaign 1 - Buckhead 0
This league is powered by Out of the Park Baseball, the baseball management simulation game for PC, Mac and Linux
Friday, January 22nd, 2016 - OOTP Baseball 16.9 Build 39